 Dungeon Crawl Stone Soup version 0.31-a0-1008-g5b978da (webtiles) character file.

Game seed: 13861912037275795683

4319 Partyfoot the Blocker (level 10, -5/82 HPs)
             Began as a Formicid Fighter on Nov 12, 2023.
             Was a Follower of Okawaru.
             Slain by a death yak (23 damage)
             ... on level 8 of the Dungeon.
             The game lasted 00:27:04 (7421 turns).

Partyfoot the Blocker (Formicid Fighter)            Turns: 7421, Time: 00:27:05

Health: -5/82      AC:  4    Str: 22    XL:     10   Next: 58%
Magic:  16/16      EV: 10    Int:  7    God:    Okawaru [*.....]
Gold:   391        SH:  8    Dex: 17    Spells: 15/17 levels left

rFire   + . .        a - +3 whip (elec)
rCold   + . .        c - +1 buckler
rNeg    . . .        w - +0 troll leather armour
rPois   .            (helmet unavailable)
rElec   .            f - scarf {rC+ rF+}
rCorr   .            (no gloves)
SInv    +            (no boots)
Will    ++...        (no amulet)
Stlth   +            v - +4 ring of slaying
HPRegen 1.13/turn    t - ring of willpower
MPRegen 0.15/turn

%: no passive effects
@: studying Polearms
A: permanent stasis, dig shafts and tunnels, antennae 3, four strong arms
a: Dig, Shaft Self, Renounce Religion, Heroism


You were on level 8 of the Dungeon.
You worshipped Okawaru.
Okawaru was aware of your devotion.
You visited 2 branches of the dungeon, and saw 9 of its levels.

You collected 391 gold pieces.

Inventory:

Hand Weapons
 a - a +3 whip of electrocution (weapon)
 b - a +0 orcbow
 q - a +0 flail of venom
Armour
 c - a +1 buckler (worn)
 f - a scarf of resistance (worn)
 w - a +0 troll leather armour (worn)
Magical Staves
 e - a staff of earth
Jewellery
 p - a ring of resist corrosion
 t - a ring of willpower (right hand)
 v - a +4 ring of slaying (left hand)
 x - the ring of Past Mistakes {Fly Dex+2}
   (You found it on level 3 of the Dungeon)

   [ring of flight]

   Dex+2:     It affects your dexterity (+2).
   Fly:       It grants you flight.
Wands
 B - a wand of polymorph (8)
Scrolls
 g - 2 scrolls of identify
 h - a scroll of fear
 j - a scroll of brand weapon
 k - 2 scrolls of poison
 l - 3 scrolls of noise
 m - 3 scrolls of revelation
 r - 3 scrolls of enchant weapon
 A - a scroll of vulnerability
 C - 2 scrolls of immolation
Potions
 d - a potion of cancellation
 i - a potion of heal wounds
 n - 6 potions of curing
 o - a potion of attraction {unknown}
 s - 2 potions of enlightenment {unknown}
 u - 2 potions of mutation {unknown}
 z - 2 potions of haste


   Skills:
 + Level 8.6 Fighting
 + Level 7.5 Maces & Flails
 + Level 7.3 Armour
 + Level 8.8 Shields
 - Level 4.0 Spellcasting
 - Level 3.0 Transmutations
 - Level 3.0 Earth Magic
 + Level 2.6 Invocations


You had 15 spell levels left.
You knew the following spells:

 Your Spells              Type           Power      Damage    Failure   Level
a - Passwall              Tmut/Erth      4%         N/A       19%         2

Your spell library contained the following spells:

 Spells                   Type           Power      Damage    Failure   Level
 Sandblast                Erth           10%        2d5       12%         1
 Cigotuvi's Dreadful Rot  Necr/Pois/Air  2%         N/A       52%         2
 Stone Arrow              Conj/Erth      6%         3d7       54%         3
 Ignite Poison            Fire/Tmut/Pois 2%         N/A       63%         3
 Volatile Blastmotes      Fire/Tloc      2%         2d10      77%         3
 Brom's Barrelling Bould  Conj/Erth      3%         2d3       91%         4
 Fulminant Prism          Conj/Hex       0%         3d5       99%         4
 Iskenderun's Mystic Bla  Conj/Tloc      1%         2d3       99%         4
 Sticky Flame             Conj/Fire      1%         2d3       99%         4
 Freezing Cloud           Conj/Ice/Air   0%         6-21      100%        5
 Ignition                 Fire           0%         3d3       100%        8


Dungeon Overview and Level Annotations

Branches:
Dungeon (8/15)             Temple (1/1) D:7            Lair (0/5) D:8

Altars:
Ashenzari
Cheibriados
Dithmenos
Elyvilon
Fedhas
Gozag
Hepliaklqana
Kikubaaqudgha
Nemelex Xobeh
Okawaru
Qazlal
Ru
Sif Muna
Trog
Uskayaw
Vehumet
Wu Jian
Xom
Yredelemnul
Zin
The Shining One

Annotations:
D:5 1 runed translucent door, Shifty's ghost, novice GnSh
D:6 1 runed translucent door, Crazy Yiuf


Innate Abilities, Weirdness & Mutations

You cannot be hasted, slowed, berserked, paralysed or teleported.
You can dig through walls and to a lower floor.
You have a pair of large antennae on your head. (SInv)
Your four strong arms can wield two-handed weapons with a shield.


Message History

Lightning courses through the death yak!
The death yak is severely wounded.
You hear a bellow!
You hit the death yak but do no damage.
Lightning courses through the death yak!
The death yak is almost dead.
You block the death yak's attack.
You whack the death yak!
Lightning courses through the death yak!
You kill the death yak!
Okawaru is honoured by your kill.
You can now gain great but temporary skills.
Your life force feels restored.
Your Invocations skill increases to level 2!
You hit the death yak.
The death yak is lightly wounded.
You hit the death yak.
The death yak is lightly wounded.
The death yak barely misses you.
You feel much better. The death yak gores you!!
You hit the death yak.
Lightning courses through the death yak!
The death yak is moderately wounded.
You block the death yak's attack.
You hit the death yak but do no damage.
The death yak is moderately wounded.
The death yak gores you!
* * * LOW HITPOINT WARNING * * *
You whack the death yak!
The death yak is moderately wounded.
You hit the death yak.
The death yak is heavily wounded.
You block the death yak's attack.
You hit the death yak but do no damage.
The death yak is heavily wounded.
The death yak gores you.
* * * LOW HITPOINT WARNING * * *
Okay, then.
The death yak gores you!!
You die...

#...Y....#....##.....###
###.{)..##....#.......#.
#.Y...##....#...#.....
#.)..###........###...
##..Y#####...#..###....
#.....Y.##(.##.## ##.##
###...#.....#### #.#
#######{.### ###
#@#{{...# ##Y##..##
####.## ###


You could see a death yak.

Vanquished Creatures
  A death yak (D:8)
  Pikel (D:7)
  2 trolls
  A steam dragon (D:7)
  Menkaure (D:5)
  A black bear (D:6)
  3 ice beasts
  3 centaurs
  2 ogres
  A kobold brigand (D:7)
  A phantom (D:6)
  2 bullfrogs (D:6)
  2 scorpions (D:5)
  3 wights (D:6)
  4 killer bees (D:8)
  4 howler monkeys
  A gnoll bouda (D:6)
  2 orc priests
  5 hounds
  A jelly (D:6)
  A sleepcap (D:8)
  Terence (D:2)
  6 iguanas
  7 orc wizards
  7 gnolls
  6 adders
  11 river rats (D:6)
  A shadow imp (D:6)
  2 white imps (D:6)
  3 worms
  2 dart slugs
  25 orcs
  4 ball pythons
  13 endoplasms
  8 goblins
  5 hobgoblins
  5 jackals
  7 kobolds
  8 quokkas
  3 bats (D:1)
  4 frilled lizards
  20 rats
190 creatures vanquished.

Vanquished Creatures (others)
  A gnoll (D:8)
1 creature vanquished.

Grand Total: 191 creatures vanquished

Notes
Turn   | Place    | Note
-------+----------+-------------------------------------------
     0 | D:1      | Partyfoot the Formicid Fighter began the quest for the Orb.
     0 | D:1      | Reached XP level 1. HP: 18/18 MP: 1/1
   134 | D:1      | Reached XP level 2. HP: 24/24 MP: 2/2
   276 | D:1      | Reached XP level 3. HP: 29/29 MP: 3/3
   861 | D:2      | Found a snail-covered altar of Cheibriados.
  1056 | D:2      | Identified the +1 chain mail of the Lich-sworn {+Inv Will+
                  | Dex-5}
  1069 | D:2      | Reached XP level 4. HP: 35/37 MP: 4/4
  1297 | D:2      | Noticed Terence
  1303 | D:2      | Killed Terence
  1309 | D:2      | Reached skill level 5 in Shields
  1310 | D:2      | Reached XP level 5. HP: 41/42 MP: 5/5
  1736 | D:3      | Learned a level 2 spell: Passwall
  1756 | D:3      | Found a shimmering altar of Xom.
  1852 | D:3      | Identified the ring of Past Mistakes {Fly Dex+2}
  2108 | D:3      | Reached skill level 1 in Earth Magic
  2224 | D:3      | Reached skill level 1 in Transmutations
  2250 | D:4      | Reached XP level 6. HP: 49/49 MP: 6/6
  2635 | D:4      | Found a sparkling altar of Nemelex Xobeh.
  2695 | D:4      | Noticed an ogre
  2828 | D:5      | Entered Level 5 of the Dungeon
  2828 | D:5      | Noticed a troll
  2830 | D:5      | Noticed an ogre
  2836 | D:4      | Killed a troll
  2837 | D:4      | Reached skill level 5 in Fighting
  2837 | D:4      | Reached XP level 7. HP: 15/56 MP: 7/7
  3148 | D:5      | Reached skill level 5 in Maces & Flails
  3148 | D:5      | Reached XP level 8. HP: 64/64 MP: 8/8
  3419 | D:5      | Reached skill level 1 in Spellcasting
  3751 | D:5      | Noticed Menkaure
  3757 | D:5      | Killed Menkaure
  4019 | D:5      | Found a runed translucent door.
  4019 | D:5      | Noticed Shifty's ghost (novice GnSh)
  4181 | D:6      | Reached skill level 5 in Armour
  4181 | D:6      | Reached XP level 9. HP: 53/69 MP: 12/12
  4392 | D:6      | Found a stormy altar of Qazlal.
  4718 | D:6      | Noticed a troll
  4821 | D:6      | Found a runed translucent door.
  4822 | D:6      | Noticed Crazy Yiuf
  5017 | D:6      | Killed a troll
  5630 | D:7      | Noticed Pikel
  5642 | D:7      | Killed Pikel
  5643 | D:7      | Reached XP level 10. HP: 77/80 MP: 16/16
  6050 | D:7      | Found a staircase to the Ecumenical Temple.
  6061 | Temple   | Entered the Ecumenical Temple
  6138 | Temple   | Became a worshipper of Warmaster Okawaru
  6300 | D:7      | Found a shimmering blue altar of Sif Muna.
  6957 | D:8      | Reached skill level 1 in Invocations
  7338 | D:8      | Found a staircase to the Lair.
  7342 | D:8      | Noticed a death yak
  7384 | D:8      | Noticed a death yak
  7386 | D:8      | Noticed a death yak
  7412 | D:8      | Killed a death yak
  7412 | D:8      | Reached * piety under Okawaru
  7421 | D:8      | Slain by a death yak

Illustrated notes

Levels and vault maps discovered:
D:1:      tarquinn_simple_flora_water_a, layout_loops_ring
D:2:      layout_loops_cross, basic_altar, st_stairs_6, minmay_surrounded,
          uniq_terence
D:3:      layout_loops_ring, mainiacjoe_overflow_chevrons, patterned_corridor
D:4:      layout_rooms, nemelex_dance_club_becter
D:5:      layout_loops_cross, gammafunk_ghost_grave,
          hangedman_abyss_or_decor_lesser_grid, uniq_menkaure
D:6:      lemuel_ratsnest, layout_basic, overflow_temple_1_default,
          dk_noncrumbling_4, minivault_23, uniq_crazy_yiuf_cottage
D:7:      layout_loops_ring, led_sif_pool, minmay_temple_entry_glassed_door,
          uniq_pikel
D:8:      layout_cave_pools, dpeg_lair_monsters, enter_bailey_5
Temple:   minmay_temple_bridge_d

Skill      XL: |  1  2  3  4  5  6  7  8  9 10 |
---------------+-------------------------------+-----
Armour         | 4 5 6 7 |  7.3
Fighting       | 4 5 6 8 |  8.6
Shields        | 5 6 7 8 |  8.8
Maces & Flails | 3 4 5 6 7 |  7.5
Earth Magic    | 1 3 |  3.0
Transmutations | 1 2 3 |  3.0
Spellcasting   | 2 4 |  4.0
Invocations    | 2 |  2.6

Action                     |  1- 3 |  4- 6 |  7- 9 | 10-12 || total
---------------------------+-------+-------+-------+-------++-------
  Melee: Flail             |    98 |    39 |    11 |       ||   148
         Mace              |       |    61 |     6 |       ||    67
         Whip              |       |       |   204 |   106 ||   310
   Fire: Orcbow            |       |       |    29 |       ||    29
Ability: Dig               |       |       |     2 |     2 ||     4
         Shaft Self        |       |       |       |     1 ||     1
    Use: Potion            |       |     1 |       |     1 ||     2
         Scroll            |       |       |    12 |     8 ||    20
 Armour: Scale mail        |    62 |   105 |    82 |       ||   249
         Troll leather arm |       |       |    26 |    64 ||    90
  Dodge: Dodged            |    34 |    65 |    59 |    36 ||   194
  Block: Buckler           |    18 |    46 |    46 |    46 ||   156

Table legend: (Time is in decaauts)
 A = Elapsed time spent in this place.
 B = Non-inter-level travel time spent in this place.
 C = Inter-level travel time spent in this place.
 D = Time resting spent in this place.
 E = Time spent auto-exploring this place.
 F = Levels seen in this place.
 G = Mean time per level.
                   A        B        C        D        E       F      G
               +--------+--------+--------+--------+--------+-----+--------+
         Total |   7475 |   6558 |    917 |    854 |   4216 |   9 |  830.6 |
       Dungeon |   7326 |   6555 |    771 |    854 |   4216 |   8 |  915.8 |
        Temple |    149 |      3 |    146 |      0 |      0 |   1 |  149.0 |
               +--------+--------+--------+--------+--------+-----+--------+

Top non-repeatable levels by time:
     D:6: 1435 daAuts
     D:7: 1403 daAuts
     D:5: 1105 daAuts
     D:3: 870 daAuts
     D:4: 800 daAuts
     D:1: 751 daAuts
     D:2: 712 daAuts
     D:8: 247 daAuts
  Temple: 149 daAuts
